Construct Infanterie Kompanie
Selects Italian Coastal Battlegroup
Selects Italian Coastal Battlegroup
Selects Italian Coastal Battlegroup
Infanterie Officer Quarters
Construct Panzergrenadier Kompanie
Pak 40 Anti-tank Gun Team
Selects Artillery Officer
Selects Designated Artillery Overwatch
Designated Artillery Overwatch
Nebelwerfer 42 Rocket Launcher Team
Construct Panzer Kompanie
Selects Obice da 210/22 Artillery Emplacement